 Dungeon Crawl Stone Soup version 0.19-a0-1493-gd0fcaa6 (webtiles) character file.

130 sveltemanboy the Slasher (level 5, 0/41 HPs)
             Began as a Human Fighter on Sept 10, 2016.
             Slain by ThereIsNoGod's ghost (11 damage)
             ... on level 4 of the Dungeon.
             The game lasted 00:07:49 (3320 turns).

sveltemanboy the Slasher (Human Fighter)            Turns: 3320, Time: 00:07:49

Health: 0/41       AC:  7    Str: 21 (22) XL:     5   Next: 36%
Magic:  6/6        EV:  9    Int:  8 (9)  God:
Gold:   164        SH:  0    Dex: 11 (12) Spells: 0 memorised, 4 levels left

rFire  + . .     SeeInvis .     a - +0 long sword
rCold  x . .     Gourm    .     b - +0 scale mail
rNeg   . . .     Faith    .     (no shield)
rPois  .         Spirit   .     (no helmet)
rElec  .         Dismiss  .     (no cloak)
rCorr  .         Reflect  .     (no gloves)
MR     +....     Harm     .     n - +0 pair of boots (curse)
Stlth  ..........               (no amulet)
                                v - ring of protection from magic
                                t - ring of fire (curse)

@: mighty
A: no striking features
a: no special abilities


You were on level 4 of the Dungeon.
You were not hungry.

You visited 1 branch of the dungeon, and saw 4 of its levels.

You collected 164 gold pieces.

Inventory:

Hand Weapons
 a - a +0 long sword (weapon)
Missiles
 e - 29 poisoned needles
Armour
 b - a +0 scale mail (worn)
 n - a cursed +0 pair of boots (worn)
Jewellery
 t - a cursed ring of fire (left hand)
 v - a ring of protection from magic (right hand)
Wands
 p - a wand of slowing (2/48)
Scrolls
 g - a scroll of blinking {unknown}
 h - 5 scrolls of identify {unknown}
 i - 2 scrolls of remove curse {unknown}
 q - 2 scrolls of teleportation {unknown}
Potions
 c - a potion of curing {unknown}
 m - a potion of resistance {unknown}
 r - a potion of agility {unknown}
 u - a potion of degeneration
 w - a potion of lignification {unknown}
 x - a potion of berserk rage {unknown}
Books
 o - a book of the Warp

   Spells                             Type                      Level
   a - Gell's Gravitas                Hexes/Translocation          3
   b - Force Lance                    Conjuration/Translocation    4
   c - Summon Forest                  Summoning/Translocation      5
   d - Dispersal                      Translocation                6
   e - Controlled Blink               Translocation                8
   f - Disjunction                    Translocation                8
Comestibles
 f - 4 bread rations
 j - 2 meat rations
 k - 2 slices of pizza
 l - 11 fruits
 s - 4 beef jerkies


   Skills:
 - Level 3.0 Fighting
 * Level 4.0 Long Blades
 - Level 3.0 Armour
   Level 3.6 Shields
 + Level 2.0 Evocations


You had 4 spell levels left.
You didn't know any spells.

Dungeon Overview and Level Annotations

Branches:
Dungeon (4/15)
 Temple: D:4-7

Altars:
Elyvilon
Qazlal
Zin

Annotations:
D:4 ThereIsNoGod's ghost, amateur MiGl


Message History

ThereIsNoGod's ghost is lightly damaged.
You slash ThereIsNoGod's ghost!
ThereIsNoGod's ghost is moderately damaged.
ThereIsNoGod's ghost wails, "You must not succeed where I failed!"
ThereIsNoGod's ghost hits you.
You hit ThereIsNoGod's ghost.
ThereIsNoGod's ghost is heavily damaged.
ThereIsNoGod's ghost hits you but does no damage.
You hit ThereIsNoGod's ghost but do no damage.
ThereIsNoGod's ghost is heavily damaged.
ThereIsNoGod's ghost hits you!
You slash ThereIsNoGod's ghost!
ThereIsNoGod's ghost is severely damaged.
ThereIsNoGod's ghost hits you.
* * * LOW HITPOINT WARNING * * *
It was a potion of degeneration.
There was something very wrong with that liquid.
You feel weakened.
You feel dopey.
You feel clumsy. ThereIsNoGod's ghost hits you!
You die...

.......##.........<........
....... #####...####.......
....... #...# #......>
#.....# #...# ####....
##...# #...# ###.# #.##
##.## #.# #. #####.# #.#
#.....# ####.#
##.....#.##@####### #....#
.......$##W#.....# #.##..
.......##a#.###.#####'####
#.................##8...8#
#.#...#.##.....#..##.....#
.............#..##...###
#.##.####...#.###_..#A#
#..>a...#.....#########
####.##........# #######


You could see a worker ant and ThereIsNoGod's ghost.

Vanquished Creatures
  A worker ant (D:4)
  5 adders
  An ooze (D:4)
  3 worms
  A giant gecko (D:2)
  2 orcs (D:3)
  A ball python (D:3)
  2 giant cockroaches (D:3)
  4 goblins
  A hobgoblin (D:1)
  2 jackals (D:1)
  6 kobolds
  5 quokkas
  8 bats
  3 giant newts (D:4)
  5 rats
50 creatures vanquished.

Notes
Turn   | Place    | Note
-------+----------+-------------------------------------------
     0 | D:1      | sveltemanboy the Human Fighter began the quest for the Orb.
     0 | D:1      | Reached XP level 1. HP: 18/18 MP: 1/1
   228 | D:1      | Reached XP level 2. HP: 24/24 MP: 2/2
  1036 | D:2      | Reached XP level 3. HP: 11/29 MP: 3/3
  1392 | D:2      | Found a white marble altar of Elyvilon.
  1568 | D:2      | Reached skill level 3 in Long Blades
  1788 | D:3      | Reached XP level 4. HP: 27/35 MP: 4/4
  1915 | D:3      | Reached skill level 1 in Evocations
  2226 | D:3      | Found a stormy altar of Qazlal.
  2876 | D:4      | Found a glowing silver altar of Zin.
  2876 | D:4      | Noticed an angel
  2908 | D:4      | Reached XP level 5. HP: 39/41 MP: 6/6
  2997 | D:4      | Reached skill level 4 in Long Blades
  3298 | D:4      | Noticed ThereIsNoGod's ghost (amateur MiGl)
  3320 | D:4      | Slain by ThereIsNoGod's ghost

Vault maps used:
D:1:      minmay_arrival_four_loops, supply_closet_lemuel, serial_park_tiny_1
D:2:      elyvilon_altar_4, dk_vineyard_3
D:3:      marbit_many_paths
D:4:      zin_angel, first_bread

Skill      XL: |  1  2  3  4  5 |
---------------+----------------+-----
Long Blades    | 3 4 |  4.0
Evocations     | 1 2 |  2.0
Fighting       | |  3.0
Armour         | |  3.0
Shields        | |  3.6

Action                   |  1- 3 |  4- 6 || total
-------------------------+-------+-------++-------
Melee: Long sword        |   107 |   149 ||   256
Evoke: Wand              |     1 |     4 ||     5
  Use: Potion            |     1 |     2 ||     3
  Eat: Chunk             |     3 |     5 ||     8
Armor: Scale mail        |    28 |    54 ||    82
Dodge: Dodged            |    24 |    63 ||    87
Block: Shield            |    44 |       ||    44
